 Dungeon Sprint DCSS version 0.30.0-19-g36f170ea60 (webtiles) character file.

Game seed: 12137624600880825244

30072 Revguard the Peltast (level 13, -3/183 HPs)
             Began as a Demonspawn Fighter on June 1, 2023.
             Was the Champion of Trog.
             Slain by a green draconian
             ... wielding a +0 glaive
              (12 damage)
             ... in the Dungeon (Sprint V: "Ziggurat Sprint").
             The game lasted 00:15:25 (1211 turns).

Revguard the Peltast (Demonspawn Fighter)           Turns: 1211, Time: 00:15:25

Health: -3/183     AC: 30    Str: 30    XL:     13   Next: 18%
Magic:  13/13      EV: 13    Int: 16    God:    Trog [******]
Gold:   0          SH: 38    Dex: 20    Spells: 12/12 levels left

rFire   + . .        E - +16 obsidian axe {drain, demonic, Mesm Drain Fly SInv}
rCold   . . .        D - +18 shield of the Gong {Loud rN+ Will+ rCorr EV-5}
rNeg    + . .        C - +15 Maxwell's patent armour {-Cast -Tele rElec Will+ rCorr}
rPois   .            c - +0 hat of Fortification {Str+4 Int+2}
rElec   +            (cloak unavailable)
rCorr   +            (no gloves)
SInv    +            (no boots)
Will    ++...        H - amulet "Xydof" {Reflect rF+ Int+4 SH+5} Stlth
                     z - +6 ring of strength
HPRegen 0.50/turn    v - +6 ring of dexterity
MPRegen 0.13/turn

%: no teleportation, no spellcasting, reflection
@: berserking, flying, mesmerised, very quick
A: repulsion field 2, foul stench 2, robust 1, weakness stinger 3
a: Renounce Religion, Berserk, Trog's Hand, Brothers in Arms


You were in the Dungeon.
You worshipped Trog.
Trog was exalted by your worship.
You visited 1 branch

Inventory:

Hand Weapons
 y - a +3 broad axe of flaming
 E - the +16 obsidian axe (weapon) {drain, demonic, Mesm Drain Fly SInv}
   (You found it in the Dungeon)

   Mesm:      Its wielder is mesmerised by any visible foes, and it cannot be
   unequipped while any foes are visible.
   SInv:      It lets you see invisible.
   Fly:       It grants you flight.
   Drain:     It drains your maximum health when unequipped.
Armour
 c - the +0 hat of Fortification (worn) {Str+4 Int+2}
   (You found it in the Dungeon)

   Str:       It affects your strength (+4).
   Int:       It affects your intelligence (+2).
 C - the +15 Maxwell's patent armour (worn) {-Cast -Tele rElec Will+ rCorr}
   (You found it in the Dungeon)

   rElec:     It insulates you from electricity.
   -Cast:     It prevents spellcasting.
   -Tele:     It prevents most forms of teleportation.
   rCorr:     It protects you from acid and corrosion.
   Will:      It increases your willpower.
 D - the +18 shield of the Gong (worn) {Loud rN+ Will+ rCorr EV-5}
   (You found it in the Dungeon)

   Loud:      It is deafeningly noisy when blocking attacks.
   EV:        It affects your evasion (-5).
   rN:        It protects you from negative energy.
   rCorr:     It protects you from acid and corrosion.
   Will:      It increases your willpower.
Jewellery
 v - a +6 ring of dexterity (right hand)
 z - a +6 ring of strength (left hand)
 A - the macabre finger necklace {Finger+ rN+}
   (You found it in the Dungeon)

   [amulet of nothing]

   Finger+:   It enables you to equip an extra ring.
   rN:        It protects you from negative energy.
 F - a ring of protection from cold
 G - a ring of protection from fire
 H - the amulet "Xydof" (around neck) {Reflect rF+ Int+4 SH+5}
   (You found it in the Dungeon)

   [amulet of reflection]

   It reflects blocked missile attacks.
   Int:       It affects your intelligence (+4).
   rF:        It protects you from fire.
   SH:        It affects your SH (+5).
Wands
 b - a wand of flame (38)
 n - a wand of roots (3)
 s - a wand of mindburst (21)
 t - a wand of quicksilver (27)
 B - a wand of charming (13)
 I - a wand of polymorph (6)
Scrolls
 j - 4 scrolls of blinking
 o - 4 scrolls of amnesia
 p - 7 scrolls of fog
 q - 5 scrolls of identify
 r - 2 scrolls of fear
 w - a scroll of brand weapon
 K - 4 scrolls of enchant armour
Potions
 d - 7 potions of might
 e - 10 potions of curing
 f - 9 potions of heal wounds
 g - 6 potions of haste
 h - 7 potions of magic
 i - 3 potions of berserk rage
 k - 2 potions of brilliance
 l - 2 potions of invisibility
 m - 4 potions of resistance
Miscellaneous
 a - a phantom mirror


   Skills:
 + Level 13.2 Fighting
 * Level 16.7 Axes
 + Level 12.2 Armour
 + Level 11.8 Dodging
 * Level 16.9 Shields
 + Level 12.8 Evocations


You had 12 spell levels left.
You didn't know any spells.
Your spell library contained the following spells:

 Spells                   Type           Power      Damage    Failure   Level
 Apportation              Tloc           0%         N/A       91%         1
 Summon Small Mammal      Summ           0%         N/A       91%         1
 Summon Lightning Spire   Summ/Air       0%         N/A       100%        4
 Dispersal                Tloc           0%         N/A       100%        6
 Disjunction              Tloc           0%         N/A       100%        8


Dungeon Overview and Level Annotations

Branches:
Dungeon (1/1)

Altars:
Ashenzari
Cheibriados
Dithmenos
Fedhas
Gozag
Hepliaklqana
Kikubaaqudgha
Makhleb
Nemelex Xobeh
Okawaru
Qazlal
Ru
Sif Muna
Trog
Uskayaw
Vehumet
Wu Jian
Xom
Yredelemnul
Jiyva
Lugonu


Innate Abilities, Weirdness & Mutations

You are surrounded by a moderate repulsion field. (EV +3)
You sometimes emit foul miasma when damaged in melee.
You are robust. (+10% HP)
You have a sharp stinger which inflicts weakening toxins.


Message History

You hit the red draconian. You drain the red draconian.
Visions of slaying the green draconian flood into your mind.
The red draconian is no longer covered in acid.
You block the red draconian's attack.
SHROANNG!
The red draconian hits your stone giant with a +0 war axe!
The purple draconian breathes dispelling energy at you.
The bolt of dispelling energy hits your stone giant!!
Your stone giant dies!
Your stone giant's corpse disappears in a puff of smoke!
The bolt of dispelling energy hits you.
Your magical effects are unravelling.
* * * LOW HITPOINT WARNING * * *
You block the yellow draconian's attack.
GONNNNG!
The yellow draconian barely misses your ynoxinul.
You block the green draconian's attack.
SHROANNG!
You chop the yellow draconian into pieces!!!
You kill the yellow draconian!
Trog accepts your kill.
You closely miss the red draconian. You barely miss the red draconian.
You slice the green draconian!! You block the red draconian's attack.
PTOANNNG!
You block the green draconian's attack.
BONNNG!
The green draconian tail-slaps you but does no damage.
You cannot move away from the green draconian!
You slash the red draconian! You open a gate to Pandemonium!
A demon appears!
You tail-slap the red draconian.
The red draconian looks weaker.
The red draconian is almost dead.
You closely miss the green draconian. You barely miss the red draconian.
Visions of slaying the red draconian flood into your mind.
You block the red draconian's attack.
PANG!
Your ynoxinul hits the green draconian. You block the green draconian's attack.
SHROANNG!
The green draconian misses you.
The green draconian hits you from afar with a +0 glaive!
You die... ▓........▓. ▓..:[)[[.[..▓.▓....▓.▓. ▓...=:=[=)..▓...©....▓. ▓...........▓▓▓▓▓▓▓▓▓▓▓ ▓...........▓...8©8...▓ ▓.....d.....▓...[)....▓ ....dyd....▓...):)...▓ ▓3dddd▓

▓.........▓ ▓▓)@3▓▓
▓.........▓
▓..▓...3.▓..▓...).....▓
▓.....©.....▓...†.)...▓
▓▓▓▓▓▓▓▓▓▓▓▓▓...†)....▓
▓....8©8....▓....©....▓
▓...."))|...▓▓▓▓▓▓▓▓▓▓▓
▓....|)[....▓...8©8...▓
▓...........▓..|§|.)..▓
▓.....=.....▓...:.....▓


You could see 2 draconians, 2 draconians, a purple draconian (catching breath,
ally target), 2 draconians, a moth of wrath, a friendly sixfirhy (summoned), a
friendly neqoxec (summoned) and a friendly ynoxinul (summoned).

Vanquished Creatures
  An Orb Guardian (D)
  A deep elf blademaster (D)
  An acid blob (D)
  A quicksilver dragon (D)
  2 death cobs (D)
  2 rockslimes (D)
  A deep elf elementalist (D)
  A pandemonium lord (D)
  A green draconian (D)
  A yellow draconian (D)
  A deep elf annihilator (D)
  3 purple draconians (D)
  2 slime creatures (D)
  2 dancing weapons (D)
  An orc high priest (D)
  A deep elf knight (D)
  A sixfirhy (D)
  A deep elf zephyrmancer (D)
  2 deep elf pyromancers (D)
  2 draconians (D)
  A black mamba (D)
  A naga mage (D)
  A culicivora (shapeshifter) (D)
  A water elemental (D)
  A flying skull (D)
  A spriggan (D)
  A fire elemental (D)
  A hog (shapeshifter) (D)
  A naga (D)
  A water moccasin (D)
  A floating eye (D)
  3 black bears (D)
  An orc warrior (D)
  3 wolves (D)
  3 jellies (D)
  A quasit (D)
  2 orc priests (D)
  An iron imp (D)
  2 orc wizards (D)
  3 mummies (D)
  2 adders (D)
  3 orcs (D)
  2 endoplasms (D)
  A ball python (D)
  A ball lightning (D)
67 creatures vanquished.

Vanquished Creatures (collateral kills)
  A deep elf blademaster (D)
  A rockslime (D)
  2 deep elf sorcerers (D)
  A deep elf annihilator (D)
  A dancing weapon (D)
  A spriggan (D)
  A deep elf zephyrmancer (D)
  3 deep elf pyromancers (D)
  A hornet (D)
  3 black bears (D)
  3 orc warriors (D)
  An adder (D)
  2 orcs (D)
21 creatures vanquished.

Vanquished Creatures (others)
  A hellwing (D)
  A white imp (D)
  A ball python (D)
  2 ball lightnings (D)
5 creatures vanquished.

Grand Total: 93 creatures vanquished

Notes
Turn   | Place    | Note
-------+----------+-------------------------------------------
     0 | D        | Revguard the Demonspawn Fighter began the quest for the
                  | Orb.
     0 | D        | Reached XP level 1. HP: 18/18 MP: 1/1
     2 | D        | Found a blossoming altar of Fedhas.
     2 | D        | Found the +6 Majin-Bo {spellvamp, MP+6 Int+6}
     2 | D        | Found the +27 heavy crossbow "Sniper" {heavy, Acc+∞ SInv}
     2 | D        | Found the +10 dark maul {heavy}
     2 | D        | Found the +15 Maxwell's patent armour {-Cast -Tele rElec
                  | Will+ rCorr}
     2 | D        | Found the +18 shield of the Gong {Loud rN+ Will+ rCorr
                  | EV-5}
     2 | D        | Found the +16 obsidian axe {drain, demonic, Mesm Drain Fly
                  | SInv}
     2 | D        | Found the +7 great mace "Firestarter" {flame, immolate,
                  | rFlCloud rF++}
     2 | D        | Found the +6 shillelagh "Devastator" {shatter}
     2 | D        | Found the +11 plutonium sword {Contam Stlth-}
     2 | D        | Found the +8 lance "Wyrmbane" {slay drac, rPois rF+ rC+
                  | AC+3}
     2 | D        | Found the +9 sword of Zonguldrok {reap}
     2 | D        | Found the +13 scythe of Curses {drain, curses, Drain}
     2 | D        | Found the +9 sword of Power {lifebolt}
     2 | D        | Found the +7 mace of Variability {chaos, chaos arc}
     2 | D        | Found the +11 Singing Sword {sonic wave}
     2 | D        | Found the +8 storm bow {elec, penet}
     3 | D        | Found a viscous altar of Jiyva.
     3 | D        | Found a hazy altar of Hepliaklqana.
     3 | D        | Found a transporter.
     3 | D        | Found an opulent altar of Gozag.
     3 | D        | Found an ancient bone altar of Kikubaaqudgha.
     3 | D        | Found a corrupted altar of Lugonu.
    11 | D        | Found a burning altar of Makhleb.
    17 | D        | Found a shimmering blue altar of Sif Muna.
    17 | D        | Found a sacrificial altar of Ru.
    17 | D        | Found a bloodstained altar of Trog.
    17 | D        | Found a stormy altar of Qazlal.
    17 | D        | Found an iron altar of Okawaru.
    17 | D        | Found a sparkling altar of Nemelex Xobeh.
   144 | D        | Became a worshipper of Trog the Wrathful
   147 | D        | Gained mutation: You are surrounded by a mild repulsion
                  | field. (EV +2) [demonic ancestry]
   147 | D        | Reached XP level 2. HP: 25/25 MP: 2/2
   164 | D        | Entered arena 2.
   164 | D        | Noticed a +1 glaive of holy wrath
   164 | D        | Noticed a deep elf elementalist
   164 | D        | Found a transporter.
   169 | D        | Killed a deep elf elementalist
   169 | D        | Reached * piety under Trog
   170 | D        | Reached skill level 5 in Dodging
   170 | D        | Reached skill level 5 in Evocations
   170 | D        | Gained mutation: You may rarely emit foul miasma when
                  | damaged in melee. [demonic ancestry]
   170 | D        | Reached XP level 3. HP: 26/35 MP: 3/3
   170 | D        | Gained mutation: You have a small tail. [demonic ancestry]
   170 | D        | Reached XP level 4. HP: 30/41 MP: 4/4
   170 | D        | Gained mutation: You are surrounded by a moderate repulsion
                  | field. (EV +3) [demonic ancestry]
   170 | D        | Reached XP level 5. HP: 34/47 MP: 5/5
   170 | D        | Gained mutation: You have a tail ending in a sharp stinger.
                  | [demonic ancestry]
   170 | D        | Reached XP level 6. HP: 39/53 MP: 6/6
   170 | D        | Reached XP level 7. HP: 43/59 MP: 7/7
   174 | D        | Killed a +1 glaive of holy wrath
   175 | D        | Gained mutation: You have a sharp stinger which inflicts
                  | weakening toxins. [demonic ancestry]
   175 | D        | Reached XP level 8. HP: 47/67 MP: 8/8
   181 | D        | Got the amulet of Poiwusap {Faith Str-4 Dex+5}
   240 | D        | Entered arena 3.
   240 | D        | Found a transporter.
   243 | D        | Reached ** piety under Trog
   248 | D        | Entered arena 4.
   248 | D        | Found the +7 sceptre of Torment {pain, torment}
   248 | D        | Found a transporter.
   253 | D        | Reached *** piety under Trog
   282 | D        | Entered arena 5.
   282 | D        | Noticed a flying skull
   282 | D        | Found a transporter.
   288 | D        | Killed a flying skull
   288 | D        | Reached **** piety under Trog
   289 | D        | Reached skill level 10 in Shields
   289 | D        | Gained mutation: You sometimes emit foul miasma when
                  | damaged in melee. [demonic ancestry]
   289 | D        | Reached XP level 9. HP: 74/74 MP: 9/9
   328 | D        | Entered arena 6.
   328 | D        | Found a transporter.
   331 | D        | Reached ***** piety under Trog
   332 | D        | Received a gift from Trog
   342 | D        | Got the +0 hat of Fortification {Str+4 Int+2}
   348 | D        | Entered arena 7.
   348 | D        | Noticed a green draconian
   348 | D        | Noticed a purple draconian
   348 | D        | Noticed a purple draconian
   348 | D        | Noticed a draconian
   348 | D        | Noticed a draconian
   348 | D        | Noticed a purple draconian
   349 | D        | Found a transporter.
   358 | D        | Killed a green draconian
   359 | D        | Reached skill level 10 in Axes
   359 | D        | Killed a purple draconian
   360 | D        | Killed a draconian
   361 | D        | Killed a purple draconian
   362 | D        | Reached XP level 10. HP: 8/83 MP: 10/10
   363 | D        | Killed a purple draconian
   365 | D        | Killed a draconian
   386 | D        | Got the amulet "Xydof" {Reflect rF+ Int+4 SH+5}
   599 | D        | Entered arena 8.
   599 | D        | Noticed a sixfirhy
   599 | D        | Noticed Tiedwost the pandemonium lord
   600 | D        | Found a transporter.
   609 | D        | Killed a sixfirhy
   613 | D        | Killed Tiedwost the pandemonium lord
   621 | D        | Got the Essays on Accomplices and Locality
   665 | D        | Entered arena 9.
   665 | D        | Noticed a spriggan rider
   666 | D        | Found a transporter.
   671 | D        | Identified the +12 quarterstaff of the Swamp {heavy, +Blink
                  | rElec Str-5 Dex+5} (Trog gifted it to you in the Dungeon)
   671 | D        | Received a gift from Trog
   672 | D        | Reached skill level 10 in Fighting
   674 | D        | Killed a spriggan rider
   675 | D        | Reached XP level 11. HP: 67/91 MP: 11/11
   744 | D        | Entered arena 10.
   745 | D        | Found a transporter.
   749 | D        | Reached ****** piety under Trog
   752 | D        | Received a gift from Trog
   770 | D        | Entered arena 11.
   770 | D        | Found the macabre finger necklace {Finger+ rN+}
   771 | D        | Found a transporter.
   777 | D        | Received a gift from Trog
   792 | D        | Entered arena 12.
   792 | D        | Noticed a deep elf zephyrmancer
   792 | D        | Noticed a deep elf zephyrmancer
   792 | D        | Noticed a deep elf pyromancer
   792 | D        | Noticed a +4 trident of venom
   793 | D        | Noticed a deep elf annihilator
   793 | D        | Identified the +0 scale mail of Xougyaf {rF+ rC+ Str+3
                  | Int-4 Slay+2}
   793 | D        | Noticed an orc high priest
   793 | D        | Noticed a deep elf blademaster
   795 | D        | Found a transporter.
   799 | D        | Reached skill level 10 in Evocations
   802 | D        | Received a gift from Trog
   803 | D        | Killed a deep elf pyromancer
   804 | D        | Killed a deep elf annihilator
   805 | D        | Reached skill level 10 in Armour
   806 | D        | Killed a deep elf blademaster
   807 | D        | Killed an orc high priest
   809 | D        | Killed a deep elf zephyrmancer
   809 | D        | Killed a +4 trident of venom
   811 | D        | Killed a deep elf zephyrmancer
   811 | D        | Received a gift from Trog
  1075 | D        | Entered arena 13.
  1075 | D        | Noticed a deep elf pyromancer
  1075 | D        | Noticed a deep elf blademaster
  1075 | D        | Noticed a deep elf annihilator
  1075 | D        | Noticed a deep elf knight
  1075 | D        | Noticed a deep elf pyromancer
  1076 | D        | Noticed a deep elf sorcerer
  1076 | D        | Identified the +8 hand axe of Riwizite {freeze, *Corrode
                  | rElec rF+}
  1076 | D        | Noticed a deep elf sorcerer
  1076 | D        | Noticed a deep elf pyromancer
  1076 | D        | Noticed a deep elf pyromancer
  1077 | D        | Noticed a +0 heavy long sword
  1080 | D        | Killed a deep elf blademaster
  1081 | D        | Reached skill level 10 in Dodging
  1081 | D        | Killed a deep elf annihilator
  1082 | D        | Gained mutation: You are robust. (+10% HP) [demonic
                  | ancestry]
  1082 | D        | Reached XP level 12. HP: 110/110 MP: 12/12
  1086 | D        | Reached skill level 15 in Shields
  1088 | D        | Received a gift from Trog
  1088 | D        | Killed a deep elf sorcerer
  1089 | D        | Reached skill level 15 in Axes
  1090 | D        | Killed a deep elf sorcerer
  1091 | D        | Found a transporter.
  1093 | D        | Received a gift from Trog
  1133 | D        | Entered arena 14.
  1134 | D        | Noticed a rockslime
  1134 | D        | Noticed a rockslime
  1135 | D        | Noticed a rockslime
  1135 | D        | Noticed an acid blob
  1144 | D        | Killed a rockslime
  1144 | D        | Received a gift from Trog
  1145 | D        | Killed a rockslime
  1148 | D        | Killed a rockslime
  1150 | D        | Killed an acid blob
  1151 | D        | Found a transporter.
  1163 | D        | Got the ring "Piutz" {Fire Will+}
  1192 | D        | Entered arena 15.
  1193 | D        | Noticed a green draconian
  1193 | D        | Noticed a death cob
  1193 | D        | Noticed a death cob
  1193 | D        | Noticed a yellow draconian
  1193 | D        | Noticed a red draconian
  1193 | D        | Noticed a quicksilver dragon
  1193 | D        | Noticed an Orb Guardian
  1193 | D        | Noticed a purple draconian
  1193 | D        | Noticed a yellow draconian
  1193 | D        | Noticed a yellow draconian
  1195 | D        | Noticed a red draconian
  1196 | D        | Noticed a green draconian
  1198 | D        | Killed a death cob
  1202 | D        | Killed a quicksilver dragon
  1203 | D        | Reached XP level 13. HP: 37/122 MP: 13/13
  1205 | D        | Killed a death cob
  1205 | D        | Received a gift from Trog
  1207 | D        | Killed an Orb Guardian
  1209 | D        | HP: 8/183 [purple draconian/bolt of dispelling energy (6)]
  1210 | D        | Killed a yellow draconian
  1211 | D        | Slain by a green draconian

Illustrated notes

Levels and vault maps discovered:
D:        sprint_v [room_start, room_1, room_2, room_3, room_4, room_5, room_6,
          room_7, room_8, room_9, room_10, room_11, room_12, room_13, room_14,
          room_15, room_16, room_17, room_18, room_19, room_20, room_21,
          room_22, room_23, room_24, room_25, room_26, room_27]

Skill      XL: |  1  2  3  4  5  6  7  8  9 10 11 12 13 |
---------------+----------------------------------------+-----
Axes           | 3 8 9 11 12 14 16 | 16.7
Armour         | 3 6 7 8 9 10 11 12 | 12.2
Dodging        | 2 5 6 7 8 10 11 | 11.8
Shields        | 4 8 9 10 11 13 14 16 | 16.9
Evocations     | 2 5 6 7 8 9 11 12 | 12.8
Fighting       | 6 7 9 10 11 13 | 13.2

Action                     |  1- 3 |  4- 6 |  7- 9 | 10-12 | 13-15 || total
---------------------------+-------+-------+-------+-------+-------++-------
  Melee: Broad axe         |     4 |       |    24 |    77 |     9 ||   114
         Tailslap          |       |       |     1 |    11 |     2 ||    14
 Invoke: Berserk           |       |       |     2 |     5 |       ||     7
         Trog's Hand       |       |       |     1 |     5 |       ||     6
         Brothers in Arms  |       |       |       |     3 |       ||     3
  Evoke: Wand              |       |       |       |     1 |       ||     1
    Use: Potion            |     1 |       |     1 |       |       ||     2
         Scroll            |       |       |       |     1 |       ||     1
   Stab: Distracted        |       |       |       |     1 |       ||     1
 Armour: Plate armour      |     2 |       |     9 |    30 |     3 ||    44
  Dodge: Dodged            |       |       |     8 |    21 |     3 ||    32
  Block: Kite shield       |    12 |       |    33 |   129 |    25 ||   199
         Reflection        |       |       |       |     4 |       ||     4
